 Dungeon Crawl Stone Soup version 0.20.0-14-g326068f (webtiles) character file.

178 theemperora the Cudgeler (level 5, -6/75 HPs)
             Began as a Troll Berserker on June 8, 2017.
             Was a Believer of Trog.
             Mangled by a worker ant (7 damage)
             ... on level 4 of the Dungeon.
             The game lasted 00:17:27 (2746 turns).

theemperora the Cudgeler (Troll Berserker)          Turns: 2746, Time: 00:17:30

Health: -6/75      AC:  6    Str: 31    XL:     5   Next: 32%
Magic:  4/4        EV: 11    Int:  3    God:    Trog [**....]
Gold:   212        SH:  0    Dex:  9    Spells: 4/4 levels left

rFire    . . .     SeeInvis .   a - +0 mace
rCold    . . .     Gourm    +   (no shield)
rNeg     . . .     Faith    .   b - +0 animal skin
rPois    .         Spirit   .   (helmet restricted)
rElec    .         Reflect  .   i - +0 cloak
rCorr    .         Harm     .   (gloves unavailable)
MR       +....                  (boots unavailable)
Stlth    ..........             W - amulet of rage
Regen    0.7/turn               e - ring of protection from magic
MPRegen  0.1/turn               y - ring of loudness

@: berserking, lethally poisoned (-6 -> -10), very quick
A: unfitting armour, claws 3, fast metabolism 3, gourmand, regeneration 1,
shaggy fur 1, tough skin 2
a: Berserk, Trog's Hand, Burn Spellbooks, Renounce Religion, Evoke Berserk Rage


You were on level 4 of the Dungeon.
You worshipped Trog.
Trog was pleased with you.
You were hungry.

You visited 1 branch of the dungeon, and saw 4 of its levels.

You collected 212 gold pieces.

Inventory:

Hand Weapons
 a - a +0 mace (weapon)
 c - a +0 club
 d - a cursed -2 spear
 f - a +3 mace
 h - a +4 quarterstaff of chaos
 l - a +0 short sword
 q - a +0 club
 u - a +0 dagger of venom
 E - a +0 short sword
 H - a +0 club
 O - a +0 long sword
 R - a +0 dagger
 S - a +0 club
 T - a +0 dagger
Missiles
 t - 9 poisoned needles
 x - 139 stones (quivered)
 G - 20 bolts
 K - 69 arrows
 U - 23 sling bullets
Armour
 b - a +0 animal skin (worn)
 i - a +0 cloak (worn)
 k - a +0 ring mail
 m - a +0 helmet
 s - a +0 leather armour
 z - a +0 leather armour
 B - a +0 leather armour of cold resistance
 C - a +0 helmet
 I - a +0 robe
 L - a +0 chain mail
 V - a +0 pair of gloves
 Y - a +0 leather armour
 Z - a cursed +0 robe
Jewellery
 e - a ring of protection from magic (left claw)
 y - a ring of loudness (right claw)
 W - an amulet of rage (around neck)
Wands
 A - a wand of clouds (1/9)
Scrolls
 g - a scroll of teleportation {unknown}
 n - 2 scrolls of amnesia {unknown}
 o - 3 scrolls of identify {unknown}
 p - a scroll of random uselessness
 D - a scroll of recharging {unknown}
 J - a scroll of noise {unknown}
 Q - a scroll of remove curse
 X - a scroll of enchant weapon {unknown}
Potions
 j - a potion of haste {unknown}
 r - 3 potions of ambrosia {unknown}
 v - 2 potions of degeneration {unknown}
 w - a potion of curing
 F - a potion of invisibility {unknown}
 N - a potion of agility {unknown}
Books
 M - a book of Cantrips

   Spells                             Type                      Level
   a - Confusing Touch                Hexes                        1
   b - Animate Skeleton               Necromancy                   1
   c - Summon Small Mammal            Summoning                    1
   d - Apportation                    Translocation                1
   Trog disapproves of the use of such an item.
Comestibles
 P - 2 bread rations


   Skills:
 + Level 2.7 Fighting
 + Level 4.3 Maces & Flails
 + Level 3.6 Dodging


You had 4 spell levels left.
You didn't know any spells.

Dungeon Overview and Level Annotations

Branches:
Dungeon (4/15)
 Temple: D:4-7

Altars:
Makhleb
Qazlal

Annotations:
D:2 1 exclusion


Innate Abilities, Weirdness & Mutations

You are too large for most types of armour.
You have claws for hands.
Your metabolism is lightning-fast.
You like to eat raw meat.
Your natural rate of healing is unusually fast.
You are covered in fur. (AC +1)
You have very tough skin. (AC +2)


Message History

The crimson imp misses you.
The worker ant waves its antennae.
The worker ant bites you.
You are more poisoned.
The worker ant poisons you! The ogre hits you with a giant club!!
The adder barely misses you.
You fail to use your ability.
You feel sick.
The crimson imp grins evilly.
The crimson imp barely misses you. The worker ant barely misses you.
The adder bites you.
* * * LOW HITPOINT WARNING * * *
You are more poisoned.
The adder poisons you!
A red film seems to cover your vision as you go berserk!
You feel yourself moving faster!
You feel mighty!
You are feeling hungry.
You feel sick. The ogre hits you with a giant club!!
* * * LOW HITPOINT WARNING * * *
The worker ant bites you!
You die...

#..............#
#..........[...#
##..............#
..........?.....#
[...............#
...........!....#
......aOS.....).#
#####..@5....(..#
#..........######
#..........#
#..........#
+..........#
#..........#
#..<.......#
#..........#
#..........#


You could see an ogre, a worker ant, a crimson imp and an adder.

Vanquished Creatures
  A hound (D:4)
  Crazy Yiuf (D:3)
  Jessica (D:3)
  3 adders
  An adder skeleton (D:4)
  2 worms
  2 dart slugs (D:2)
  A leopard gecko (D:3)
  An orc (D:3)
  6 bats
  3 giant cockroaches (D:3)
  8 goblins
  3 hobgoblins
  3 jackals (D:3)
  5 kobolds
  A quokka (D:3)
  2 ball pythons (D:2)
  5 frilled lizards
  7 rats
56 creatures vanquished.

Notes
Turn   | Place    | Note
-------+----------+-------------------------------------------
     0 | D:1      | theemperora the Troll Berserker began the quest for the Orb.
     0 | D:1      | Reached XP level 1. HP: 22/22 MP: 0/0
   329 | D:1      | Reached XP level 2. HP: 29/29 MP: 1/1
   358 | D:1      | Reached skill level 3 in Maces & Flails
  1020 | D:2      | Reached XP level 3. HP: 36/36 MP: 2/2
  1043 | D:2      | Reached ** piety under Trog
  1315 | D:2      | Found a stormy altar of Qazlal.
  1474 | D:2      | Found a burning altar of Makhleb.
  1703 | D:3      | Found a runed door.
  1707 | D:3      | Noticed Crazy Yiuf
  1738 | D:3      | Killed Crazy Yiuf
  1738 | D:3      | Reached XP level 4. HP: 36/44 MP: 3/3
  1779 | D:3      | Noticed Jessica
  1795 | D:3      | Killed Jessica
  1804 | D:3      | Reached skill level 4 in Maces & Flails
  2178 | D:3      | Reached XP level 5. HP: 47/50 MP: 4/4
  2736 | D:4      | Noticed an ogre
  2746 | D:4      | HP: 1/75 [ogre/giant club (19)]
  2746 | D:4      | Mangled by a worker ant

Skill      XL: |  1  2  3  4 |
---------------+-------------+-----
Maces & Flails | 3 4 |  4.3
Dodging        | 3 |  3.6
Fighting       | |  2.7

Action                   |  1- 3 |  4- 6 || total
-------------------------+-------+-------++-------
Melee: Mace              |   115 |    57 ||   172
Invok: Berserk           |     1 |     2 ||     3
  Use: Scroll            |     3 |       ||     3
       Potion            |     2 |       ||     2
  Eat: Royal jelly       |     2 |       ||     2
       Bread ration      |     1 |     1 ||     2
       Chunk             |     4 |     8 ||    12
Armor: Animal skin       |    64 |    39 ||   103
Dodge: Dodged            |   104 |    65 ||   169
